 Dungeon Crawl Stone Soup version 0.30.1-11-g7821555f0a (webtiles) character file.

Game seed: 11071826000258826824

63 Chiseanne the Trooper (level 3, -6/30 HPs)
             Began as a Demonspawn Wanderer on Nov 17, 2023.
             Killed by nerve-wracking pain
             ... invoked by Jessica
              (14 damage)
             ... on level 2 of the Dungeon.
             The game lasted 00:01:47 (978 turns).

Chiseanne the Trooper (Demonspawn Wanderer)          Turns: 978, Time: 00:01:48

Health: -6/30      AC:  3    Str: 20    XL:     3   Next: 87%
Magic:  6/6        EV: 17    Int: 14    God:
Gold:   97         SH:  0    Dex: 11    Spells: 5/6 levels left

rFire   . . .        a - +1 mace
rCold   . . .        (no shield)
rNeg    . . .        c - +1 robe
rPois   .            (no helmet)
rElec   .            (no cloak)
rCorr   .            (no gloves)
SInv    .            (no boots)
Will    .....        (no amulet)
Stlth   +            k - +6 ring of strength
HPRegen 0.25/turn    d - +5 ring of evasion
MPRegen 0.10/turn

%: no passive effects
@: no status effects
A: powered by pain 1
a: no special abilities


You were on level 2 of the Dungeon.
You visited 1 branch of the dungeon, and saw 2 of its levels.

You collected 97 gold pieces.

Inventory:

Hand Weapons
 a - a +1 mace (weapon)
Missiles
 f - 12 stones
 j - 2 javelins
Armour
 c - a +1 robe (worn)
Jewellery
 d - a +5 ring of evasion (right hand)
 k - a +6 ring of strength (left hand)
Scrolls
 g - a scroll of teleportation {unknown}
Potions
 e - 2 potions of curing {unknown}
 h - a potion of flight {unknown}
 i - a potion of cancellation {unknown}


   Skills:
 * Level 3.6 Fighting
 - Level 1.0 Maces & Flails
 - Level 1.0 Throwing
 * Level 1.6 Armour
 * Level 1.7 Dodging
 - Level 2.0 Spellcasting
 - Level 2.6 Air Magic


You had 5 spell levels left.
You knew the following spells:

 Your Spells              Type           Power      Damage    Failure   Level
a - Shock                 Conj/Air       20%        1d4       14%         1

Your spell library contained the following spells:

 Spells                   Type           Power      Damage    Failure   Level
 Static Discharge         Conj/Air       10%        2-3/arc   21%         2
 Cigotuvi's Dreadful Rot  Necr/Pois/Air  6%         N/A       26%         2


Dungeon Overview and Level Annotations

Branches:
Dungeon (2/15)

Altars:

Annotations:
D:2 Jessica


Innate Abilities, Weirdness & Mutations

You sometimes gain a little power by taking damage.


Message History

The gnoll hits you with a +0 club. The gnoll closely misses you.
The gnoll barely misses you. The gnoll completely misses you.
The gnoll barely misses you.
You sock the gnoll!
The gnoll is heavily wounded.
The gnoll hits you from afar with a +0 spear.
The gnoll barely misses you. The gnoll misses you.
You hit the gnoll.
The gnoll is almost dead.
The gnoll hits you from afar with a +0 spear.
The gnoll completely misses you. The gnoll hits you with a +0 flail!
* * * LOW HITPOINT WARNING * * *
You are too injured to fight recklessly!
You are too injured to fight recklessly!
You are too injured to fight recklessly!
You are too injured to fight recklessly!
You are too injured to fight recklessly!
You are too injured to fight recklessly!
You are too injured to fight recklessly!
You hit the gnoll but do no damage. You punch the gnoll, but do no damage.
The gnoll is almost dead.
The gnoll hits you with a +0 club.
* * * LOW HITPOINT WARNING * * *
The gnoll closely misses you. x2
The gnoll hits you from afar with a +0 spear.
* * * LOW HITPOINT WARNING * * *
The gnoll misses you. x2
You sock the gnoll!
You kill the gnoll!
The gnoll barely misses you. The gnoll misses you.
As you read the scroll of fear, it crumbles to dust.
You assume a fearsome visage.
The gnoll looks frightened! x2
Found a ring mail.
Jessica the Apprentice Sorceress comes into view.
She is wielding a +0 dagger.
Jessica shouts!
Jessica moves out of view.
A worm comes into view.
Jessica gestures at you while chanting. Pain shoots through your body!
You die...

....................## #..##.#
.....................####......
................##.#.##....##.#
...............###.#.....#.# .
#...........#.## #.##...#.....#
....####....#.## #.##.#....##.#
.##......#.....# #....####.# .
.....#####.......###..#......#
.....###........@.............
.....##............#.#.......##
........†#....)..#...#....##.#
.....###†#.......##.@...### #
.....# #.#..#######...#[#
.....###†#.## ......#
...........# ##....w#
......##.#.# ......
.....###.#......#


You could see a worm and Jessica.

Vanquished Creatures
  2 gnolls (D:2)
  2 adders (D:2)
  A giant cockroach (D:1)
  3 hobgoblins
  2 jackals (D:2)
  A kobold (D:1)
  A quokka (D:2)
  5 bats
  3 frilled lizards (D:1)
  A goblin (D:2)
  10 rats (D:1)
31 creatures vanquished.

Notes
Turn   | Place    | Note
-------+----------+-------------------------------------------
     0 | D:1      | Chiseanne the Demonspawn Wanderer began the quest for the
                  | Orb.
     0 | D:1      | Chiseanne set off with the following items: a +1 mace, a
                  | scroll of fear, a +0 robe; and the following spell
                  | memorised: Shock; and the following spells available to
                  | memorise: Static Discharge, Cigotuvi's Dreadful Rot.
     0 | D:1      | Reached XP level 1. HP: 18/18 MP: 3/3
   324 | D:1      | Gained mutation: You sometimes gain a little power by
                  | taking damage. [demonic ancestry]
   324 | D:1      | Reached XP level 2. HP: 24/24 MP: 5/5
   481 | D:1      | Reached skill level 1 in Dodging
   721 | D:2      | Reached skill level 1 in Armour
   811 | D:2      | Reached XP level 3. HP: 29/29 MP: 6/6
   973 | D:2      | Noticed Jessica
   978 | D:2      | Killed from afar by Jessica

Illustrated notes

Levels and vault maps discovered:
D:1:      dpeg_arrival_oval, layout_rooms, minmay_rat_gold_closets
D:2:      layout_rooms, basic_altar, serial_shops, shop, serial_curves,
          eino_curves_04, eino_curves_03, chequers_mini_garden,
          minmay_diced_spiral, uniq_jessica

Skill      XL: |  1  2 |
---------------+-------+-----
Dodging        | 1 |  1.7
Armour         | 1 |  1.6
Fighting       | |  3.6
Maces & Flails | |  1.0
Throwing       | |  1.0
Spellcasting   | |  2.0
Air Magic      | |  2.6

Action                     || total
---------------------------++-------
  Melee: Mace              ||    93
         Punch             ||     1
    Use: Scroll            ||     5
   Stab: Sleeping          ||     1
 Armour: Robe              ||    16
  Dodge: Dodged            ||    90
